TOP OF THE 1ST |
Orlando Calrissian batting - Pitching for Boston Rebels : RHP Alberto Bonilla
|
Pitching: RHP Alberto Bonilla
|
|
Batting: LHB Danny Allen
|
0-0: Ball 1-0: Called Strike 1-1: Foul Ball, location: 2F 1-2: Fly out, F5 (Popup, 5F)
|
Batting: SHB Chris Byrd
|
0-0: Ball 1-0: Foul Ball, location: 2F 1-1: Called Strike 1-2: Ball 2-2: Ball 3-2: Foul Ball, location: 2F 3-2: Ground out 4-3 (Groundball, 4)
|
Batting: LHB Santiago Márquez
|
0-0: Called Strike 0-1: Ground out 3-1 (Groundball, 34)
|
Top of the 1st over - 0 run(s), 0 hit(s), 0 error(s), 0 left on base; Orlando 0 - Boston 0 |
BOTTOM OF THE 1ST |
Boston Rebels batting - Pitching for Orlando Calrissian : LHP Mark Collins
|
Pitching: LHP Mark Collins
|
|
Batting: LHB Bill Wilson
|
0-0: Called Strike 0-1: Ball 1-1: Ball 2-1: Ball 3-1: Swinging Strike 3-2: Strikes out swinging
|
Batting: RHB Ronnie Brown
|
0-0: Ball 1-0: Foul Ball, location: 2F 1-1: Ball 2-1: Called Strike 2-2: Strikes out swinging
|
Batting: LHB Tony Ramírez
|
0-0: Called Strike 0-1: Swinging Strike 0-2: Strikes out swinging
|
Bottom of the 1st over - 0 run(s), 0 hit(s), 0 error(s), 0 left on base; Orlando 0 - Boston 0 |
TOP OF THE 2ND |
Orlando Calrissian batting - Pitching for Boston Rebels : RHP Alberto Bonilla
|
Batting: RHB Raúl Canó
|
0-0: Ball 1-0: Ball 2-0: Ground out 4-3 (Groundball, 4)
|
Batting: RHB Rich Anderson
|
0-0: Ball 1-0: SINGLE (Groundball, 15S) (infield hit)
|
Pitching: RHP Manuel Jimenen
|
|
Batting: LHB Juan Colón
|
0-0: Foul Ball, location: 2F 0-1: Swinging Strike 0-2: DOUBLE (Line Drive, 78M) Rich Anderson to third
|
Batting: RHB Frederico Hernández
|
0-0: Foul Ball, location: 2F 0-1: Fly out, F5 (Line Drive, 56S)
|
Batting: RHB Enrique Bermúdez
|
0-0: Swinging Strike Passed Ball! Rich Anderson scores Juan Colón to third 0-1: Ball 1-1: Ground out 5-3 (Groundball, 5)
|
Top of the 2nd over - 1 run(s), 2 hit(s), 0 error(s), 1 left on base; Orlando 1 - Boston 0 |
BOTTOM OF THE 2ND |
Boston Rebels batting - Pitching for Orlando Calrissian : LHP Mark Collins
|
Batting: LHB Ricardo Brandariz
|
0-0: Fly out, F7 (Flyball, 78M)
|
Batting: LHB Lorenzo Flores
|
0-0: Ball 1-0: Ball 2-0: Ball 3-0: Called Strike 3-1: Foul Ball, location: 2F 3-2: Ground out 4-3 (Groundball, 4)
|
Batting: LHB Stanley Mullins
|
0-0: Called Strike 0-1: Called Strike 0-2: Ball 1-2: Ball 2-2: Fly out, F4 (Line Drive, 4)
|
Bottom of the 2nd over - 0 run(s), 0 hit(s), 0 error(s), 0 left on base; Orlando 1 - Boston 0 |
TOP OF THE 3RD |
Orlando Calrissian batting - Pitching for Boston Rebels : RHP Manuel Jimenen
|
Batting: RHB Robby Lewis
|
0-0: Foul Ball, location: 2F 0-1: Ball 1-1: Called Strike 1-2: Strikes out swinging
|
Batting: LHB Danny Allen
|
0-0: Called Strike 0-1: Ball 1-1: Swinging Strike 1-2: Ball 2-2: Ground out 1-3 (Groundball, 15S)
|
Batting: SHB Chris Byrd
|
0-0: Called Strike 0-1: Ball 1-1: Foul Ball, location: 2F 1-2: Ball 2-2: Strikes out swinging
|
Top of the 3rd over - 0 run(s), 0 hit(s), 0 error(s), 0 left on base; Orlando 1 - Boston 0 |
BOTTOM OF THE 3RD |
Boston Rebels batting - Pitching for Orlando Calrissian : LHP Mark Collins
|
Batting: SHB Javier Villegas
|
0-0: Foul Ball, location: 2F 0-1: Called Strike 0-2: Strikes out swinging
|
Batting: RHB Clancy Booker
|
0-0: SINGLE (Line Drive, 78S)
|
Batting: RHB Rubén Matos
|
0-0: Swinging Strike 0-1: Ball 1-1: Grounds into double play, 1-6-3 (Groundball, 13)
|
Bottom of the 3rd over - 0 run(s), 1 hit(s), 0 error(s), 0 left on base; Orlando 1 - Boston 0 |
TOP OF THE 4TH |
Orlando Calrissian batting - Pitching for Boston Rebels : RHP Manuel Jimenen
|
Batting: LHB Santiago Márquez
|
0-0: Ball 1-0: Ground out 4-3 (Groundball, 34D)
|
Batting: RHB Raúl Canó
|
0-0: Ball 1-0: Called Strike 1-1: Foul Ball, location: 2F 1-2: Ball 2-2: Fly out, F3 (Popup, 3SF)
|
Batting: RHB Rich Anderson
|
0-0: Called Strike 0-1: Foul Ball, location: 2F 0-2: Ball 1-2: SOLO HOME RUN (Flyball, 7LD), Distance : 347 ft
|
Batting: LHB Juan Colón
|
0-0: Ball 1-0: DOUBLE (Line Drive, 9D)
|
Batting: RHB Frederico Hernández
|
0-0: Ball 1-0: Called Strike 1-1: Fly out, F8 (Flyball, 8RM)
|
Top of the 4th over - 1 run(s), 2 hit(s), 0 error(s), 1 left on base; Orlando 2 - Boston 0 |
BOTTOM OF THE 4TH |
Boston Rebels batting - Pitching for Orlando Calrissian : LHP Mark Collins
|
Batting: LHB Bill Wilson
|
0-0: Foul Ball, location: 2F 0-1: Ball 1-1: DOUBLE (Line Drive, 5D)
|
Batting: RHB Ronnie Brown
|
0-0: Ball 1-0: Foul Ball, location: 2F 1-1: Ball 2-1: Foul Ball, location: 2F 2-2: Ball 3-2: Fly out, F9 (Line Drive, 89M)
|
Batting: LHB Tony Ramírez
|
0-0: Ball 1-0: Ball 2-0: Ball 3-0: Called Strike 3-1: Fly out, F8 (Flyball, 8LM)
|
Batting: LHB Ricardo Brandariz
|
0-0: Ball 1-0: Foul Ball, location: 2F 1-1: Ball 2-1: Foul Ball, location: 2F 2-2: Strikes out swinging
|
Bottom of the 4th over - 0 run(s), 1 hit(s), 0 error(s), 1 left on base; Orlando 2 - Boston 0 |
TOP OF THE 5TH |
Orlando Calrissian batting - Pitching for Boston Rebels : RHP Manuel Jimenen
|
Batting: RHB Enrique Bermúdez
|
0-0: Ball 1-0: Called Strike 1-1: Ball 2-1: Foul Ball, location: 2F 2-2: Ground out 5-3 (Groundball, 5)
|
Batting: RHB Robby Lewis
|
0-0: Foul Ball, location: 2F 0-1: Foul Ball, location: 2F 0-2: Strikes out swinging
|
Batting: LHB Danny Allen
|
0-0: Foul Ball, location: 2F 0-1: Foul Ball, location: 2F 0-2: Ball 1-2: Foul Ball, location: 2F 1-2: Foul Ball, location: 2F 1-2: Foul Ball, location: 2F 1-2: Fly out, F8 (Flyball, 8RD)
|
Top of the 5th over - 0 run(s), 0 hit(s), 0 error(s), 0 left on base; Orlando 2 - Boston 0 |
BOTTOM OF THE 5TH |
Boston Rebels batting - Pitching for Orlando Calrissian : LHP Mark Collins
|
Pitching: LHP Clarence Skerratt
|
|
Batting: LHB Lorenzo Flores
|
0-0: DOUBLE (Line Drive, 89XD)
|
Batting: LHB Stanley Mullins
|
0-0: SINGLE (Groundball, 56D) Lorenzo Flores to third
|
Batting: SHB Javier Villegas
|
0-0: Called Strike 0-1: Ball 1-1: Ball 2-1: Foul Ball, location: 2F 2-2: Hit by Pitch Stanley Mullins to second
|
Batting: RHB Clancy Booker
|
0-0: Ball 1-0: Fly out, F3 (Popup, 3F)
|
Batting: RHB Rubén Matos
|
0-0: Foul Ball, location: 2F 0-1: Ball 1-1: Ball 2-1: Fly out, F7 (Flyball, 7LSF) Runner from 3rd tags up, SCORES, no throw
|
Batting: LHB Bill Wilson
|
0-0: Called Strike 0-1: Foul Ball, location: 2F 0-2: Ball 1-2: Ball 2-2: SINGLE (Line Drive, 9LM) Stanley Mullins to third Javier Villegas to second
|
Batting: RHB Ronnie Brown
|
0-0: Foul Ball, location: 2F 0-1: Fly out, F9 (Flyball, 89S)
|
Bottom of the 5th over - 1 run(s), 3 hit(s), 0 error(s), 3 left on base; Orlando 2 - Boston 1 |
TOP OF THE 6TH |
Orlando Calrissian batting - Pitching for Boston Rebels : RHP Manuel Jimenen
|
Pitching: RHP Carlos Ruíz
|
|
Batting: SHB Chris Byrd
|
0-0: Called Strike 0-1: Ball 1-1: Ball 2-1: Ground out 4-3 (Groundball, 34)
|
Batting: LHB Santiago Márquez
|
0-0: Called Strike 0-1: Ball 1-1: Ball 2-1: Ball 3-1: SOLO HOME RUN (Flyball, 9LD), Distance : 425 ft
|
Batting: RHB Raúl Canó
|
0-0: Ball 1-0: Ball 2-0: Ball 3-0: Called Strike 3-1: Foul Ball, location: 2F 3-2: Strikes out swinging
|
Batting: RHB Rich Anderson
|
0-0: Ground out 5-3 (Groundball, 56S)
|
Top of the 6th over - 1 run(s), 1 hit(s), 0 error(s), 0 left on base; Orlando 3 - Boston 1 |
BOTTOM OF THE 6TH |
Boston Rebels batting - Pitching for Orlando Calrissian : LHP Clarence Skerratt
|
Batting: LHB Tony Ramírez
|
0-0: Ball 1-0: Ground out U3 (Groundball, 3)
|
Batting: LHB Ricardo Brandariz
|
0-0: Called Strike 0-1: Swinging Strike 0-2: Foul Ball, location: 2F 0-2: Ground out 4-3 (Groundball, 34)
|
Batting: LHB Lorenzo Flores
|
0-0: Ball 1-0: Ground out 1-3 (Groundball, 15)
|
Bottom of the 6th over - 0 run(s), 0 hit(s), 0 error(s), 0 left on base; Orlando 3 - Boston 1 |
TOP OF THE 7TH |
Orlando Calrissian batting - Pitching for Boston Rebels : RHP Carlos Ruíz
|
Batting: LHB Juan Colón
|
0-0: Ball 1-0: Ball 2-0: Fly out, F8 (Line Drive, 8LXD)
|
Batting: RHB Frederico Hernández
|
0-0: Called Strike 0-1: Ball 1-1: Fly out, F8 (Flyball, 8LXD)
|
Batting: RHB Enrique Bermúdez
|
0-0: Ball 1-0: Ball 2-0: Called Strike 2-1: Foul Ball, location: 2F 2-2: Foul Ball, location: 2F 2-2: Foul Ball, location: 2F 2-2: Foul Ball, location: 2F 2-2: Foul Ball, location: 2F 2-2: Strikes out swinging
|
Top of the 7th over - 0 run(s), 0 hit(s), 0 error(s), 0 left on base; Orlando 3 - Boston 1 |
BOTTOM OF THE 7TH |
Boston Rebels batting - Pitching for Orlando Calrissian : LHP Clarence Skerratt
|
Batting: LHB Stanley Mullins
|
0-0: Ball 1-0: Ball 2-0: Ball 3-0: Called Strike 3-1: Called Strike 3-2: Base on Balls
|
Pitching: RHP John Thompson
|
|
Batting: SHB Javier Villegas
|
0-0: Ball 1-0: Fly out, F8 (Flyball, 8LM)
|
Batting: RHB Clancy Booker
|
0-0: Ball 1-0: Fly out, F9 (Flyball, 9M)
|
Batting: RHB Rubén Matos
|
0-0: Ball 1-0: Ball 2-0: Ball 3-0: Called Strike 3-1: Base on Balls Stanley Mullins to second
|
Batting: LHB Bill Wilson
|
0-0: Foul Ball, location: 2F 0-1: Ball 1-1: Ball 2-1: Ball 3-1: Base on Balls Stanley Mullins to third Rubén Matos to second
|
Batting: RHB Ronnie Brown
|
0-0: Called Strike 0-1: Called Strike 0-2: Ball 1-2: Fly out, F9 (Flyball, 89M)
|
Bottom of the 7th over - 0 run(s), 0 hit(s), 0 error(s), 3 left on base; Orlando 3 - Boston 1 |
TOP OF THE 8TH |
Orlando Calrissian batting - Pitching for Boston Rebels : RHP Carlos Ruíz
|
Pitching: RHP Dorian Hoskins
|
|
Batting: RHB Robby Lewis
|
0-0: Called Strike 0-1: SINGLE (Groundball, 3D)
|
Pinch Hitting: RHB Kenny Cole
|
0-0: Sac Bunt - play at first, batter OUT! 1-3 Robby Lewis to second
|
Pinch Hitting: LHB Juan Jose Pineda
|
0-0: Ground out 6-3 (Groundball, 6M) Robby Lewis to third
|
Pinch Hitting: RHB Gary Witt
|
0-0: Ball 1-0: Ball 2-0: Foul Ball, location: 2F 2-1: Swinging Strike 2-2: Ball 3-2: Foul Ball, location: 2F 3-2: Strikes out swinging
|
Top of the 8th over - 0 run(s), 1 hit(s), 0 error(s), 1 left on base; Orlando 3 - Boston 1 |
BOTTOM OF THE 8TH |
Boston Rebels batting - Pitching for Orlando Calrissian : RHP John Thompson
|
Now at 1B: Vincente Encarnación
|
|
Now at SS: Jason Mason
|
|
Now in RF: Juan Jose Pineda
|
|
Pinch Hitting: LHB Doyle Otterburn
|
0-0: Ball 1-0: Called Strike 1-1: Foul Ball, location: 2F 1-2: Strikes out swinging
|
Pinch Hitting: LHB Jeff Gordon
|
0-0: Ball 1-0: Fly out, F8 (Flyball, 8LD)
|
Pinch Hitting: RHB Felipe Olivas
|
0-0: Called Strike 0-1: Ball 1-1: Ball 2-1: Swinging Strike 2-2: Ball 3-2: Base on Balls
|
Batting: RHB Roberto Chávez
|
0-0: Called Strike 0-1: Foul Ball, location: 2F 0-2: Ball 1-2: Ball 2-2: Foul Ball, location: 2F 2-2: Ball 3-2: Base on Balls Felipe Olivas to second
|
Pinch Hitting: RHB Rob Whitley
|
0-0: Ball 1-0: Swinging Strike 1-1: Ball 2-1: Ball 3-1: Base on Balls Felipe Olivas to third Roberto Chávez to second
|
Batting: RHB Clancy Booker
|
0-0: Called Strike 0-1: Ball Reached via error on a dropped throw, E3 Felipe Olivas scores Roberto Chávez to third Rob Whitley to second
|
Batting: RHB Rubén Matos
|
0-0: Called Strike 0-1: Fly out, F8 (Flyball, 8RM)
|
Bottom of the 8th over - 1 run(s), 0 hit(s), 1 error(s), 3 left on base; Orlando 3 - Boston 2 |
TOP OF THE 9TH |
Orlando Calrissian batting - Pitching for Boston Rebels : RHP Dorian Hoskins
|
Now at 1B: Doyle Otterburn
|
|
Now at 2B: Felipe Olivas
|
|
Now at SS: Peter Sexton
|
|
Now in RF: Jeff Gordon
|
|
Pinch Hitting: RHB Enrique Ramírez
|
0-0: Called Strike 0-1: Foul Ball, location: 2F 0-2: Ball 1-2: Ball 2-2: Strikes out swinging
|
Pinch Hitting: RHB Diego Ocampo
|
0-0: Called Strike 0-1: Foul Ball, location: 2F 0-2: Strikes out swinging
|
Batting: LHB Jeremy Cox
|
0-0: Called Strike 0-1: Ball 1-1: Ground out U3 (Groundball, 3L)
|
Top of the 9th over - 0 run(s), 0 hit(s), 0 error(s), 0 left on base; Orlando 3 - Boston 2 |
BOTTOM OF THE 9TH |
Boston Rebels batting - Pitching for Orlando Calrissian : RHP John Thompson
|
Pitching: RHP Sloan Otto
|
|
Now at C: Diego Ocampo
|
|
Now in LF: Gonzalo Trujillo
|
|
Batting: LHB Bill Wilson
|
0-0: Called Strike 0-1: SINGLE (Groundball, 4MD)
|
Batting: RHB Ronnie Brown
|
0-0: Swinging Strike 0-1: Grounds into double play, 5-4-3 (Groundball, 5)
|
Batting: LHB Doyle Otterburn
|
0-0: Ball 1-0: SINGLE (Line Drive, 8RS)
|
Batting: LHB Jeff Gordon
|
0-0: Called Strike 0-1: Foul Ball, location: 2F 0-2: Ball 1-2: Foul Ball, location: 2F 1-2: Ball 2-2: Fly out, F2 (Popup, 2RF)
|
Bottom of the 9th over - 0 run(s), 2 hit(s), 0 error(s), 1 left on base; Orlando 3 - Boston 2 |
|